Map: Submarine LE

Players

TYTY (TY) - Winner!

  • Race: Terran Terran
  • League: Grandmaster
  • Spawn Location: 5:00

SuperNova

  • Race: Terran Terran
  • League: Grandmaster
  • Spawn Location: 11:00

Event: War Chest Team League

VOD

Have the link to the VOD?

Description

Time

  • Played on: Aug. 7, 2020, 4:18 a.m.
  • Length: 13:29
Show
View Real Time Build Order
Export as new Build Order

TYTY Terran - Winner!

Build Orders: 1/1/1 

Get SALT Encoding   

  12  0:00  SCV  
  13  0:12  SCV  
  14  0:17  Supply Depot  
  14  0:24  SCV  
  14  0:27  Refinery  
  15  0:39  SCV  
  16  0:43  Barracks  
  16  0:51  SCV  
  16  0:54  Refinery  
  17  1:03  SCV  
  18  1:15  SCV  
  19  1:31  Orbital Command, Factory  
  19  1:34  Barracks Reactor  
  19  1:43  Supply Depot  
  19  1:58  SCV  
  20  2:12  Reaper x2  
  20  2:15  Hellion  
  25  2:17  Starport  
  25  2:20  SCV  
  25  2:27  Supply Depot  
  25  2:33  SCV  
  25  2:37  Hellion  
  28  2:44  Reaper  
  28  2:45  SCV, Reaper  
  31  2:54  Medivac  
  33  2:59  Supply Depot  
  33  3:03  Hellion  
  33  3:05  SCV  
  36  3:16  Reaper  
  36  3:17  SCV, Reaper  
  39  3:24  Hellion  
  41  3:31  Starport Tech Lab  
  41  3:44  Command Center  
  41  3:47  Hellion  
  43  3:52  Reaper x2  
  44  4:00  Viking  
  39  4:15  Hellion  
  30  4:38  Marine x2  
  29  4:40  Raven  
  29  4:43  SCV  
  33  4:45  Factory Tech Lab  
  33  4:55  SCV  
  33  4:56  Marine x2  
  36  5:07  SCV  
  36  5:08  Siege Tank  
  36  5:13  Marine  
  36  5:14  Marine  
  40  5:19  SCV  
  38  5:31  SCV, Marine x2  
  38  5:43  SCV  
  38  5:49  Marine x2  
  37  5:51  Siege Tank  
  37  5:55  SCV  
  41  6:02  Orbital Command  
  41  6:07  Marine x2  
  43  6:16  Liberator  
  43  6:17  SCV  
  47  6:23  Refinery  
  47  6:25  Marine  
  48  6:29  SCV, Siege Tank  
  48  6:31  SCV  
  51  6:33  Marine  
  52  6:41  SCV  
  52  6:43  SCV, Marine  
  55  6:53  SCV, Supply Depot  
  57  6:55  SCV  
  57  6:58  Supply Depot  
  61  7:03  Siege Tank  
  61  7:06  SCV  
  61  7:07  SCV  
  62  7:13  Barracks  
  62  7:14  Stimpack, Marine, Barracks  
  63  7:18  SCV  
  63  7:23  Supply Depot  
  63  7:27  Starport Tech Lab  
  63  7:28  SCV  
  61  7:30  SCV  
  61  7:32  Marine  
  61  7:35  Siege Tank  
  66  7:40  SCV  
  66  7:42  SCV  
  67  7:52  SCV, Raven  
  67  7:53  Marine  
  67  7:55  SCV  
  72  8:03  Engineering Bay x2, Refinery  
  72  8:04  SCV  
  73  8:07  SCV  
  73  8:09  Siege Tank  
  70  8:16  SCV  
  70  8:17  Marine  
  65  8:29  Marine x2  
  65  8:33  Terran Infantry Weapons Level 1, Terran Infantry Armor Level 1  
  64  8:35  Marine  
  64  8:43  Starport Reactor, Combat Shield  
  64  8:45  Command Center  
  64  8:46  Marine  
  64  8:47  Marine  
  66  8:50  Marine  
  66  8:53  Marine  
  66  8:55  Siege Tank  
  71  9:06  Marine  
  71  9:07  Marine  
  71  9:08  Marine  
  71  9:09  Barracks  
  74  9:11  Barracks  
  74  9:13  Marine  
  74  9:16  SCV  
  77  9:20  Medivac  
  77  9:22  Medivac  
  77  9:23  Marine  
  81  9:24  SCV  
  81  9:26  Supply Depot  
  81  9:28  SCV  
  81  9:29  Marine x2  
  85  9:36  Marine  
  85  9:41  Supply Depot, Marine  
  86  9:48  Siege Tank  
  86  9:49  Marine x2  
  92  9:55  Command Center  
  92  9:58  Medivac  
  92  9:59  Marine  
  93  10:00  Marine  
  93  10:02  Medivac  
  93  10:04  Supply Depot  
  93  10:05  Barracks Reactor x2  
  93  10:06  Supply Depot  
  92  10:10  Marine x2  
  92  10:13  Supply Depot x2  
  94  10:18  Marine  
  94  10:25  Marine  
  94  10:28  Siege Tank  
  96  10:32  Medivac x2  
  100  10:39  Marine x2  
  100  10:40  Marine  
  101  10:42  Marine  
  101  10:43  Armory, Marine x3  
  104  10:55  Marine  
  100  10:57  Marine  
  100  10:58  Marine x2  
  100  11:00  Marine  
  108  11:04  Marine x3  
  108  11:05  Liberator x2  
  113  11:12  Marine  
  113  11:15  Orbital Command, Marine x2  
  113  11:17  Marine  
  117  11:22  Siege Tank  
  120  11:29  Marine x2  
  120  11:31  Marine  
  120  11:32  Marine  
  122  11:37  Orbital Command  
  122  11:50  Marine x2  
  122  11:53  Marine  
  125  11:59  Marine  
  125  12:00  Marine x2  
  130  12:03  Marine x2  
  130  12:08  SCV x3  
  133  12:12  Siege Tank  
  133  12:13  Supply Depot  
  135  12:16  Marine x2  
  135  12:18  Marine x2  
  138  12:24  Medivac x2  
  138  12:27  Marine x2  
  141  12:32  Marine  
  141  12:33  Supply Depot  
  141  12:34  Supply Depot  
  141  12:35  SCV x2, Marine  
  144  12:40  Marine x4  
  148  12:47  Marine  
  148  12:48  Siege Tank  
  149  12:54  Marine x3  
  152  13:00  Marine x2  
Show
View Real Time Build Order
Export as new Build Order

SuperNova Terran 

Build Orders: Cyclone Opening 

Get SALT Encoding   

  12  0:00  SCV  
  13  0:12  SCV  
  14  0:18  Supply Depot  
  14  0:24  SCV  
  14  0:28  Refinery  
  15  0:40  SCV  
  16  0:43  Barracks  
  16  0:52  SCV  
  16  0:54  Refinery  
  17  1:04  SCV  
  18  1:16  SCV  
  19  1:30  Orbital Command  
  19  1:32  Factory  
  19  1:34  Reaper  
  20  1:44  Supply Depot  
  20  1:56  SCV  
  21  2:06  Reaper  
  21  2:08  SCV  
  23  2:17  Hellion  
  23  2:20  SCV  
  26  2:25  Command Center  
  26  2:32  SCV  
  27  2:38  Supply Depot, Factory Tech Lab  
  27  2:39  Barracks Reactor  
  27  2:44  SCV  
  28  2:57  Cyclone, Mag-Field Accelerator  
  31  3:01  SCV  
  32  3:13  SCV  
  32  3:14  Marine x2  
  35  3:27  SCV  
  35  3:29  Cyclone  
  39  3:36  Orbital Command, Marine x2  
  39  3:40  SCV  
  42  3:54  Marine x2  
  43  4:01  Cyclone  
  31  4:12  Marine x2  
  31  4:15  SCV  
  31  4:16  SCV  
  26  4:28  SCV x2  
  26  4:29  Marine x2  
  27  4:40  SCV  
  27  4:41  Cyclone  
  27  4:44  SCV  
  32  4:50  Marine  
  32  4:52  SCV  
  34  4:54  Marine  
  34  4:57  SCV  
  36  5:04  SCV  
  35  5:08  Marine  
  35  5:09  SCV  
  35  5:12  Marine  
  36  5:18  SCV  
  30  5:31  Marine  
  30  5:32  Cyclone  
  30  5:36  SCV  
  30  5:42  SCV  
  32  5:50  SCV  
  32  5:54  SCV  
  34  6:02  SCV  
  35  6:05  Starport  
  35  6:10  SCV  
  36  6:18  SCV  
  37  6:22  Refinery  
  37  6:24  SCV  
  38  6:30  SCV  
  36  6:36  SCV  
  36  6:37  Marine x2  
  42  6:40  Siege Tank  
  42  6:42  SCV  
  42  6:45  Starport Tech Lab  
  43  6:49  SCV  
  44  6:54  SCV, Marine  
  44  6:56  Marine  
  44  7:00  Supply Depot  
  44  7:01  SCV  
  48  7:06  SCV  
  49  7:11  Raven  
  49  7:12  Marine  
  49  7:14  SCV, Marine  
  54  7:22  SCV  
  55  7:28  Siege Tank  
  58  7:30  SCV  
  58  7:31  Marine  
  58  7:32  Supply Depot, Marine  
  58  7:36  SCV  
  55  7:52  SCV, Marine  
  55  7:57  SCV, Marine  
  58  8:00  Siege Tank  
  58  8:04  SCV  
  61  8:07  Orbital Command  
  61  8:10  Marine  
  55  8:21  Marine  
  55  8:25  SCV  
  55  8:32  Siege Tank  
  58  8:36  SCV  
  58  8:37  Engineering Bay, Barracks x2  
  58  8:38  SCV  
  60  8:46  Raven  
  60  8:48  SCV, Marine x2  
  64  8:50  SCV  
  66  9:00  SCV  
  66  9:02  SCV  
  68  9:05  Supply Depot  
  68  9:12  SCV  
  68  9:13  Marine  
  70  9:23  Supply Depot  
  70  9:27  SCV x2, Marine, Siege Tank  
  70  9:31  Barracks Tech Lab  
  76  9:36  Starport Reactor  
  76  9:39  SCV x2  
  78  9:51  SCV  
  79  9:54  Stimpack, Marine x4  
  83  10:01  SCV  
  83  10:03  SCV, Supply Depot, Refinery  
  85  10:11  Marine  
  86  10:17  Bunker  
  86  10:18  Supply Depot  
  86  10:20  Supply Depot  
  86  10:24  SCV, Marine x3  
  86  10:26  Supply Depot  
  93  10:28  Siege Tank  
  93  10:29  Marine  
  90  10:36  Medivac  
  90  10:42  Marine x3  
  93  10:47  Marine  
  93  10:49  SCV  
  92  10:52  Supply Depot  
  92  10:54  Engineering Bay  
  89  10:57  SCV  
  89  11:00  Marine x2  
  89  11:02  Barracks Reactor  
  92  11:05  Marine  
  92  11:07  SCV  
  92  11:09  SCV  
  95  11:14  Medivac  
  95  11:15  Medivac  
  95  11:17  Marine x2  
  101  11:23  Marine  
  102  11:34  Combat Shield  
  102  11:35  Marine x2  
  102  11:37  SCV  
  102  11:38  Command Center  
  105  11:40  Marine  
  106  11:49  Marine x2  
  106  11:51  Engineering Bay  
  106  11:53  SCV, Marine  
  106  11:54  SCV  
  111  11:58  Siege Tank  
  111  11:59  Marine x2  
  115  12:02  Medivac  
  115  12:07  Medivac, Marine  
  120  12:12  SCV x2  
  120  12:15  Marine  
  123  12:19  Marine x2  
  124  12:24  SCV  
  124  12:25  Marine  
  124  12:26  Marine  
  111  12:32  Marine  
  111  12:36  Marine, Siege Tank  
  111  12:37  Marine  
  114  12:42  Marine  
  114  12:43  Marine  
  115  12:45  SCV  
  115  12:47  Medivac  
  115  12:49  Medivac  
  115  12:50  Marine  
  116  12:54  Marine x2  
  118  13:08  Marine  
Tags
 
Add a new tag
Caveats
  • Supply blocks, unpowered buildings, or Contaminate may cause inaccurate times.
  • Supply counts are checked every 10 seconds.